 Dungeon Crawl Stone Soup version 0.25.1-2-g60ff931df9 (webtiles) character file.

Game seed: 10136264959371191463

141 axecop the Chopper (level 5, 0/41 HPs)
             Began as a Demonspawn Abyssal Knight on Oct 7, 2020.
             Was a Follower of Lugonu.
             Slain by an orc
             ... wielding a +0 flail
              (1 damage)
             ... on level 3 of the Dungeon.
             The game lasted 00:02:47 (3716 turns).

axecop the Chopper (Demonspawn Abyssal Knight)      Turns: 3716, Time: 00:02:48

Health: 0/41       AC:  3    Str: 12 (13) XL:     5   Next: 3%
Magic:  5/7        EV: 13    Int: 14      God:    Lugonu [*.....]
Gold:   136        SH:  0    Dex: 11 (12) Spells: 4/4 levels left

rFire    . . .     SeeInvis .   a - +1 whip (elec)
rCold    . . .     Gourm    .   (no shield)
rNeg     . . .     Faith    .   b - +0 leather armour
rPois    .         Spirit   .   (helmet restricted)
rElec    .         Reflect  .   i - -1 cloak (curse)
rCorr    .         Harm     .   (no gloves)
MR       .....                  (no boots)
Stlth    +.........             (no amulet)
HPRegen  0.13/turn              (no ring)
MPRegen  0.10/turn              (no ring)

@: no status effects
A: horns 1, repulsion field 1
a: Depart the Abyss, Renounce Religion


You were on level 3 of the Dungeon.
You worshipped Lugonu.
Lugonu was aware of your devotion.
You were not hungry.

You visited 1 branch of the dungeon, and saw 4 of its levels.
You visited the Abyss 1 time.

You collected 136 gold pieces.

Inventory:

Hand Weapons
 a - a +1 whip of electrocution (weapon)
 p - a +1 mace of holy wrath
 q - a +1 hand axe
Armour
 b - a +0 leather armour (worn)
 i - a cursed -1 cloak (worn)
 k - a +0 scale mail
 n - a +0 robe of magic resistance
Scrolls
 d - 3 scrolls of enchant armour {unknown}
 e - 5 scrolls of enchant weapon {unknown}
 f - a scroll of fear {unknown}
 g - 2 scrolls of teleportation {unknown}
 h - a scroll of identify
 j - a scroll of fog {unknown}
 l - 2 scrolls of remove curse
 m - 2 scrolls of random uselessness {unknown}
Comestibles
 c - 10 rations
 o - 5 chunks of flesh


   Skills:
 + Level 3.2 Fighting
 + Level 4.4 Axes
 + Level 2.0 Armour
 - Level 0.8 Dodging
 + Level 2.8 Invocations


You had 4 spell levels left.
You didn't know any spells.
Your spell library was empty.

Dungeon Overview and Level Annotations

Branches:
Dungeon (4/15)
 Temple: D:4-7

Altars:
Elyvilon
Hepliaklqana
Uskayaw


Innate Abilities, Weirdness & Mutations

You have a pair of small horns on your head.
You are surrounded by a mild repulsion field. (EV +2)


Message History

You hit the orc priest.
You headbutt the orc priest, but do no damage.
The orc priest is moderately wounded.
The orc priest calls down the wrath of Beogh upon you.
Beogh smites you!
* * * LOW HITPOINT WARNING * * *
The orc closely misses you.
You aren't carrying any potions.
Unknown command.
You are too injured to fight recklessly!
Unknown command.
You hit the orc priest.
Lightning courses through the orc priest!
You kill the orc priest!
Lugonu accepts your kill.
You feel your dexterity returning.
Your Armour skill increases to level 2!
You have reached level 5!
The orc hits you with a +0 flail.
You die...

######.####.........#
.................##.#
.........##.##.#.##.#
.........##.##.#.##.#
.........#......)##.###
##....................#
...###.#.#.......#..#.#
#### #.#.##.##.#l#..#.#
#### #.#.##.##.#@#..#.#
...###.#.##.##.#o#..#.##
.......................#
##.###########.##...#<.#
#.# ####.........# #.#
##.##..#...##.# #.#
#......##.###.# #.#
##.###.##.# #.# #.# #.#
#<##.# #.#


You could see an orc and a frilled lizard.

Vanquished Creatures
  An orc priest (D:3)
  5 adders
  An ooze (D:1)
  2 worms
  2 dart slugs
  2 orcs (D:3)
  2 giant cockroaches (D:2)
  4 goblins
  10 hobgoblins
  6 kobolds
  A quokka (D:3)
  12 bats
  A frilled lizard (D:3)
  2 rats
51 creatures vanquished.

Notes
Turn   | Place    | Note
-------+----------+-------------------------------------------
     0 | Abyss:1  | axecop the Demonspawn Abyssal Knight began the quest for
                  | the Orb.
     0 | Abyss:1  | Reached XP level 1. HP: 18/18 MP: 2/2
    43 | Abyss:1  | Noticed a cacodemon
    45 | D:1      | Escaped the Abyss
    93 | D:1      | Reached skill level 2 in Axes
   224 | D:1      | Gained mutation: You are surrounded by a mild repulsion
                  | field. (EV +2) [demonic ancestry]
   224 | D:1      | Reached XP level 2. HP: 15/24 MP: 3/3
  1355 | D:2      | Reached * piety under Lugonu
  1355 | D:2      | Reached skill level 3 in Axes
  1526 | D:2      | Gained mutation: You have a pair of small horns on your
                  | head. [demonic ancestry]
  1526 | D:2      | Reached XP level 3. HP: 26/29 MP: 4/4
  2508 | D:3      | Reached skill level 4 in Axes
  2508 | D:3      | Reached XP level 4. HP: 14/35 MP: 5/5
  2900 | D:3      | Found a hide-covered altar of Uskayaw.
  2902 | D:3      | Found a white marble altar of Elyvilon.
  2905 | D:3      | Found a hazy altar of Hepliaklqana.
  3715 | D:3      | HP: 1/35 [orc priest/divine providence (12)]
  3716 | D:3      | Reached XP level 5. HP: 1/41 MP: 5/7
  3716 | D:3      | Slain by an orc

Illustrated notes

Levels and vault maps discovered:
D:1:      lemuel_arrival_tunnels, layout_loops_corners
D:2:      layout_rooms, minmay_misc_feat_room
D:3:      layout_loops_ring, chequers_temple_overflow_statue_of_worship,
          first_ration
D:4:      layout_cave_pools, minmay_temple_entry_ruins, serial_shops,
          nicolae_shop_waterfront, shop_fountains, kennysheep_mini_moat,
          nicolae_shop_statue_plus, uniq_edmund

Skill      XL: |  1  2  3  4 |
---------------+-------------+-----
Axes           | 2 3 4 |  4.4
Armour         | 2 |  2.0
Fighting       | |  3.2
Dodging        | |  0.8
Invocations    | |  2.8

Action                   |  1- 3 |  4- 6 || total
-------------------------+-------+-------++-------
Melee: Hand axe          |   115 |    25 ||   140
       Headbutt          |     3 |     5 ||     8
       Whip              |       |    31 ||    31
Invok: Depart the Abyss  |     1 |       ||     1
  Use: Potion            |     5 |       ||     5
       Scroll            |       |     2 ||     2
  Eat: Chunk             |     5 |     4 ||     9
Armor: Leather armour    |    33 |    14 ||    47
Dodge: Dodged            |    96 |    40 ||   136
